 Dungeon Crawl Stone Soup version 0.30.0-18-gc0e69614cb (webtiles) character file.

Game seed: 2926745735693441577

185 McKennaii the Conjurer (level 5, -10/38 HPs)
             Began as a Demigod Conjurer on May 25, 2023.
             Mangled by an orc warrior
             ... wielding a +0 glaive
              (17 damage)
             ... on level 3 of the Dungeon.
             The game lasted 00:04:18 (3754 turns).

McKennaii the Conjurer (Demigod Conjurer)           Turns: 3754, Time: 00:04:19

Health: -10/38     AC:  3    Str: 14    XL:     5   Next: 14%
Magic:  4/13       EV: 12    Int: 24    God:
Gold:   243        SH:  0    Dex: 12    Spells: 8/11 levels left

rFire   . . .        (no weapon)
rCold   . . .        (no shield)
rNeg    + . .        a - +0 robe
rPois   .            (no helmet)
rElec   .            p - +0 cloak
rCorr   .            (no gloves)
SInv    .            (no boots)
Will    .....        (no amulet)
Stlth   ++           h - +6 ring of strength
HPRegen 0.26/turn    n - ring of positive energy
MPRegen 0.13/turn

%: no passive effects
@: no status effects
A: high MP 1, forlorn, divine attributes
a: no special abilities


You were on level 3 of the Dungeon.
You visited 1 branch of the dungeon, and saw 3 of its levels.

You collected 243 gold pieces.

Inventory:

Armour
 a - a +0 robe (worn)
 p - a +0 cloak (worn)
Jewellery
 h - a +6 ring of strength (left hand)
 n - a ring of positive energy (right hand)
Scrolls
 e - 4 scrolls of identify {unknown}
 i - a scroll of fear {unknown}
 k - 2 scrolls of teleportation {unknown}
 l - 3 scrolls of blinking {unknown}
 m - a scroll of magic mapping {unknown}
 q - a scroll of butterflies {unknown}
 r - a scroll of poison {unknown}
 s - 2 scrolls of fog {unknown}
Potions
 b - 3 potions of magic
 c - a potion of resistance {unknown}
 d - 2 potions of mutation {unknown}
 f - 4 potions of heal wounds {unknown}
 g - 3 potions of haste {unknown}
 j - a potion of ambrosia {unknown}
 o - a potion of berserk rage {unknown}
 t - a potion of curing {unknown}


   Skills:
 - Level 1.7 Dodging
 - Level 1.7 Stealth
 + Level 3.5 Spellcasting
 + Level 5.0 Conjurations


You had 8 spell levels left.
You knew the following spells:

 Your Spells              Type           Power      Damage    Failure   Level
a - Magic Dart            Conj           100%       1d8       1%          1
b - Searing Ray           Conj           56%        2d6       1%          2

Your spell library contained the following spells:

 Spells                   Type           Power      Damage    Failure   Level
 Dazzling Flash           Conj/Hex       32%        N/A       11%         3
 Fulminant Prism          Conj/Hex       8%         3d7       36%         4
 Iskenderun's Mystic Bla  Conj/Tloc      16%        2d5       36%         4


Dungeon Overview and Level Annotations

Branches:
Dungeon (3/15)


Innate Abilities, Weirdness & Mutations

You have an increased reservoir of magic. (+10% MP)
You shall have no god before yourself.
Your divine heritage dramatically boosts your attributes as you level up.


Message History

Things that are here:
6 poisoned darts; a +0 whip
There is a stone staircase leading down here.
Things that are here:
6 poisoned darts; a +0 whip You see here a +0 morningstar.
You see here 4 stones.
There is a stone staircase leading up here.
Casting: Searing Ray (safe; 1% risk of failure)
Confirm with . or Enter, or press ? or * to list all spells.
Aiming: Searing Ray (safe; 1% risk of failure)
Press: ? - help, Shift-Dir - straight line, f/p - orc warrior
Aim: an orc warrior, wielding a +0 glaive and wearing a +0 plate armour (heavily wounded, 79% to hit)
The searing ray hits the orc warrior.
The orc warrior is severely wounded. (Press . to maintain the ray.)
The orc warrior hits you from afar with a +0 glaive.
The searing ray hits the orc warrior but does no damage.
The orc warrior is severely wounded.
The orc warrior completely misses you.
The searing ray hits the orc warrior but does no damage.
The orc warrior is severely wounded.
The orc warrior misses you.
The searing ray hits the orc warrior but does no damage.
The orc warrior is severely wounded.
You finish channelling your searing ray.
The orc warrior closely misses you.
Casting: Searing Ray (safe; 1% risk of failure)
Confirm with . or Enter, or press ? or * to list all spells.
Aiming: Searing Ray (safe; 1% risk of failure)
Press: ? - help, Shift-Dir - straight line, f/p - orc warrior
Aim: an orc warrior, wielding a +0 glaive and wearing a +0 plate armour (severely wounded, 79% to hit)
The searing ray misses the orc warrior. (Press . to maintain the ray.)
The orc warrior hits you from afar with a +0 glaive!
* * * LOW HITPOINT WARNING * * *
The searing ray hits the orc warrior.
The orc warrior is severely wounded.
The orc warrior hits you from afar with a +0 glaive!
You die...

##.####..#...........###...###...
#.###..##..................[....
#..................)##..#..##...
#.###......[.........#..........
#.# #####..........(......##....
#.# #..........###..).......
#.#######..........###..........
##.##.....)..........##........##
..........(.....@.o.>.#....#...#
..................#...#....#...#
...............###)........###.#
#####................(.....# #.##
#..........###(....##### #...
#.....)....##.....)..### ####
#####..........##..........# #
..........#######..###.#.#.##
..........#######..###.#....#####


You could see an orc warrior.

Vanquished Creatures
  An orc priest (D:3)
  3 gnolls (D:3)
  4 adders
  A worm (D:3)
  2 dart slugs
  7 orcs (D:3)
  5 ball pythons
  4 endoplasms
  2 giant cockroaches
  5 goblins
  10 hobgoblins
  4 jackals (D:1)
  3 quokkas
  4 bats
  3 frilled lizards
  7 kobolds
  11 rats
76 creatures vanquished.

Notes
Turn   | Place    | Note
-------+----------+-------------------------------------------
     0 | D:1      | McKennaii the Demigod Conjurer began the quest for the Orb.
     0 | D:1      | Reached XP level 1. HP: 14/14 MP: 5/5
   332 | D:1      | Reached XP level 2. HP: 20/20 MP: 3/7
   583 | D:1      | Reached skill level 4 in Conjurations
  1112 | D:2      | Reached XP level 3. HP: 26/26 MP: 4/9
  1266 | D:2      | Learned a level 2 spell: Searing Ray
  2345 | D:3      | Reached XP level 4. HP: 32/33 MP: 7/11
  2382 | D:3      | Noticed an orc warrior
  3252 | D:3      | Reached XP level 5. HP: 38/38 MP: 4/13
  3287 | D:3      | Reached skill level 5 in Conjurations
  3754 | D:3      | Mangled by an orc warrior

Illustrated notes

Levels and vault maps discovered:
D:1:      dpeg_arrival_connections, layout_loops_ring
D:2:      minmay_evil_eye, layout_basic, basic_altar,
          ebering_ecumenical_altar_box, kennysheep_generic_room_11
D:3:      cheibrodos_greedy_goblins, layout_rooms,
          mainiacjoe_overflow_surrounded_room, lemuel_round_altar,
          minmay_misc_feat_five

Skill      XL: |  1  2  3  4  5 |
---------------+----------------+-----
Spellcasting   | 2 3 |  3.5
Conjurations   | 4 5 |  5.0
Dodging        | |  1.7
Stealth        | |  1.7

Action                     |  1- 3 |  4- 6 || total
---------------------------+-------+-------++-------
  Melee: Unarmed           |    11 |       ||    11
   Cast: Magic Dart        |    93 |    68 ||   161
         Searing Ray       |       |     7 ||     7
 Armour: Robe              |     6 |       ||     6
  Dodge: Dodged            |    27 |    20 ||    47
